 Dungeon Crawl Stone Soup version 0.24.0-35-gdb84b6a5db (webtiles) character file.

Game seed: 17046754936676014408, levelgen mode: deterministic

2212 DildoBatman the Magician (level 9, -2/57 HPs)
             Began as a Formicid Wizard on Nov 20, 2019.
             Slain by a gnoll (4 damage)
             ... on level 5 of the Dungeon.
             The game lasted 00:25:30 (7597 turns).

DildoBatman the Magician (Formicid Wizard)          Turns: 7597, Time: 00:25:30

Health: -2/57      AC:  3    Str: 17    XL:     9   Next: 61%
Magic:  17/19      EV: 12    Int: 21    God:
Gold:   331        SH:  0    Dex:  9    Spells: 14/21 levels left

rFire    + . .     SeeInvis +   a - +6 short sword (freeze)
rCold    . . .     Gourm    .   (no shield)
rNeg     . . .     Faith    .   p - +0 robe
rPois    .         Spirit   .   (helmet unavailable)
rElec    .         Reflect  .   (no cloak)
rCorr    .         Harm     .   j - +0 pair of gloves
MR       .....                  (no boots)
Stlth    ++........             (no amulet)
HPRegen  0.19/turn              u - ring of protection from fire
MPRegen  0.16/turn              o - +5 ring of strength

@: no status effects
A: permanent stasis, dig shafts and tunnels, four strong arms, antennae 3
a: Dig, Shaft Self


You were on level 5 of the Dungeon.
You were not hungry.

You visited 1 branch of the dungeon, and saw 7 of its levels.
You also visited: Sewer.

You collected 331 gold pieces.

Inventory:

Hand Weapons
 a - a +6 short sword of freezing (weapon)
 b - a +0 hunting sling
 e - a +4 dagger of venom
 D - a +0 halberd
Missiles
 f - 185 stones
 l - 29 poisoned darts (quivered)
 m - 72 arrows
 n - 5 curare-tipped darts
 A - 45 bolts
 C - 9 boomerangs
Armour
 j - a +0 pair of gloves (worn)
 p - a +0 robe (worn)
Jewellery
 o - a +5 ring of strength (right hand)
 u - a ring of protection from fire (left hand)
 y - an uncursed ring of protection from cold
Wands
 w - a wand of flame (18)
Scrolls
 h - 2 scrolls of amnesia
 x - 5 scrolls of remove curse
 z - 4 scrolls of identify
Potions
 c - 6 potions of degeneration {unknown}
 d - a potion of agility {unknown}
 g - 2 potions of magic {unknown}
 i - a potion of invisibility {unknown}
 k - 3 potions of curing
 q - 2 potions of haste {unknown}
 r - a potion of resistance
 s - 2 potions of brilliance {unknown}
 t - 2 potions of flight
Comestibles
 v - 11 rations
 B - 5 chunks of flesh


   Skills:
 - Level 1.7 Dodging
 - Level 2.4 Stealth
 * Level 6.7 Spellcasting
 - Level 6.1 Conjurations
   Level 1.0 Summonings
   Level 0.8 Translocations
 - Level 5.0 Fire Magic
 - Level 5.1 Air Magic


You had 14 spell levels left.
You knew the following spells:

 Your Spells              Type           Power        Failure   Level  Hunger
a - Conjure Flame         Conj/Fire      ####....     2%          3    #......
c - Magic Dart            Conj           ####         1%          1    None
e - Mephitic Cloud        Conj/Pois/Air  ###.....     6%          3    #......

Your spell library contained the following spells:

 Spells                   Type           Power        Failure   Level  Hunger
 Call Imp                 Summ           ##......     9%          2    None
 Slow                     Hex            #.......     14%         2    None
 Blink                    Tloc           Unusable     N/A         2    N/A

Dungeon Overview and Level Annotations

Branches:
Dungeon (7/15)              Sewer (visited)
 Temple: D:4-7

Altars:
Dithmenos
Makhleb
Nemelex Xobeh
Okawaru
Vehumet
Xom

Shops:
D:7 }

Annotations:
D:1 Robin
D:2 1 exclusion, Ijyb
D:3 1 exclusion, Grinder, Natasha
D:4 1 exclusion
D:7 2 transporters


Innate Abilities, Weirdness & Mutations

You cannot be hasted, slowed, berserked, paralysed or teleported.
You can dig through walls and to a lower floor.
Your four strong arms can wield two-handed weapons with a shield.
You have a pair of large antennae on your head. (SInv)


Message History

The phantom blinks!
The gnoll hits you but does no damage. What are your orders? t - Shout!
Orders for allies: a - Attack new target. r - Retreat! s - Stop attacking. g - Guard the area. f - Follow me.
Anything else - Cancel.
You shout for attention!
The ogre hits you with a +0 giant spiked club!!
The gnoll closely misses you. What are your orders? t - Shout!
Orders for allies: a - Attack new target. r - Retreat! s - Stop attacking. g - Guard the area. f - Follow me.
Anything else - Cancel.
You shout for attention!
The gnoll hits you.
You die...

#>....####.............
##.......#............##
#.......##..####......#
###.......s..# ##......#
##.#........### #..#....
#.......#####.###
..###..
##......##.#..... ..#
###.............{
#.....#@.......
#...###gOW..... ####
##....... .......
....... #.#...# ##....
..#


You could see a phantom, an ogre and a gnoll.

Vanquished Creatures
  A hippogriff (D:7)
  A water moccasin (D:7)
  3 orc warriors (D:6)
  A phantom (D:7)
  A black bear (D:6)
  An ice beast (D:7)
  An ogre (D:6)
  3 centaurs
  A bullfrog (D:7)
  2 scorpions
  4 wights (D:7)
  A howler monkey (D:7)
  A crimson imp (D:7)
  2 hounds
  3 orc wizards
  A centaur skeleton (D:7)
  An orc priest (D:6)
  2 iguanas (D:6)
  5 worker ants
  A hound zombie (D:5)
  7 gnolls
  8 adders
  6 oozes
  An adder skeleton (D:6)
  6 worms
  2 dart slugs
  3 leopard geckos
  11 orcs
  A ball python (Sewer)
  4 giant cockroaches
  16 goblins
  10 hobgoblins
  8 jackals
  12 kobolds
  17 bats
  6 frilled lizards
  A jackal skeleton (D:5)
  5 rats
160 creatures vanquished.

Notes
Turn   | Place    | Note
-------+----------+-------------------------------------------
     0 | D:1      | DildoBatman the Formicid Wizard began the quest for the
                  | Orb.
     0 | D:1      | Reached XP level 1. HP: 13/13 MP: 4/4
    16 | D:1      | Reached skill level 1 in Conjurations
   245 | D:1      | Reached XP level 2. HP: 19/19 MP: 4/6
   986 | D:1      | Reached XP level 3. HP: 17/24 MP: 1/7
   991 | D:1      | Learned a level 3 spell: Conjure Flame
   995 | D:1      | Learned a level 3 spell: Mephitic Cloud
  2076 | D:2      | Reached XP level 4. HP: 17/30 MP: 2/8
  2183 | D:2      | Noticed Robin
  2608 | D:2      | Found a sparkling altar of Nemelex Xobeh.
  2877 | D:3      | Reached XP level 5. HP: 16/35 MP: 9/9
  2982 | D:3      | Noticed Grinder
  3060 | D:3      | Found a glowing drain.
  3070 | Sewer    | Entered a sewer
  4019 | D:3      | Noticed Ijyb
  4208 | D:3      | Reached skill level 5 in Conjurations
  4208 | D:3      | Reached XP level 6. HP: 41/41 MP: 6/10
  4341 | D:3      | Found a burning altar of Makhleb.
  4701 | D:3      | Found a faded altar of an unknown god.
  4712 | D:3      | Noticed Natasha
  5037 | D:4      | You fall into a shaft and drop 3 floors!
  5295 | D:7      | Reached XP level 7. HP: 32/46 MP: 1/11
  5428 | D:7      | Found Niol's Gadget Emporium.
  5464 | D:7      | Reached skill level 1 in Fire Magic
  5464 | D:7      | Reached skill level 1 in Air Magic
  5695 | D:7      | Found a shadowy altar of Dithmenos.
  5717 | D:7      | Found a shimmering altar of Xom.
  5720 | D:7      | Found a shimmering altar of Xom.
  5720 | D:7      | Found a shimmering altar of Xom.
  5721 | D:7      | Found a shimmering altar of Xom.
  5722 | D:7      | Found a shimmering altar of Xom.
  5722 | D:7      | Found a shimmering altar of Xom.
  5722 | D:7      | Found a shimmering altar of Xom.
  5749 | D:7      | Noticed a water moccasin
  5780 | D:7      | Killed a water moccasin
  5780 | D:7      | Reached XP level 8. HP: 39/52 MP: 7/12
  6040 | D:7      | Found a radiant altar of Vehumet.
  6123 | D:7      | Found a transporter.
  6126 | D:7      | Found a transporter.
  6152 | D:7      | Noticed a hippogriff
  6175 | D:7      | Killed a hippogriff
  6419 | D:6      | Reached skill level 5 in Fire Magic
  6518 | D:6      | Reached XP level 9. HP: 43/57 MP: 2/13
  6528 | D:6      | Reached skill level 5 in Air Magic
  6733 | D:6      | Found an iron altar of Okawaru.
  6931 | D:6      | Reached skill level 5 in Spellcasting
  7387 | D:5      | Entered Level 5 of the Dungeon
  7596 | D:5      | HP: 2/57 [ogre/+0 giant spiked club (20)]
  7597 | D:5      | Slain by a gnoll

Levels and vault maps discovered:
D:1:      nicolae_arrival_memento_mori, layout_loops_corners, serial_forest,
          infiniplex_forest_join, infiniplex_forest_clump_cross,
          infiniplex_forest_straight_2, infiniplex_forest_straight_3,
          infiniplex_forest_end_2, infiniplex_forest_clump_small,
          infiniplex_forest_end_2, infiniplex_forest_straight_3
D:2:      layout_basic, nemelex_diamond_rough_becter, uniq_robin
D:3:      layout_basic, makhleb_heckhound_becter,
          chequers_ecumenical_altar_island, portal_sewer_entry_d,
          eino_curves_02, minmay_misc_feat_chi, minmay_cupped, uniq_grinder,
          uniq_ijyb, uniq_natasha
D:4:      layout_cave_pools, first_ration
D:5:      layout_cave_pools, minmay_temple_entry_enclosed_plants,
          gammafunk_ghost_arena
D:6:      layout_loops_cross, kennysheep_okawaru_gauntlet
D:7:      gammafunk_steamed_eel, layout_cave_pools, vehumet_altar_wand_db,
          xom_redecorated, serial_shops, shop,
          nicolae_dithmenos_through_a_glass_darkly

Skill      XL: |  1  2  3  4  5  6  7  8  9 |
---------------+----------------------------+-----
Conjurations   | 1 2 3 4 5 6 |  6.1
Fire Magic     | 3 5 |  5.0
Air Magic      | 2 4 5 |  5.1
Spellcasting   | 6 |  6.7
Dodging        | |  1.7
Stealth        | |  2.4
Summonings     | |  1.0
Translocations | |  0.8

Action                   |  1- 3 |  4- 6 |  7- 9 || total
-------------------------+-------+-------+-------++-------
Melee: Club              |     4 |       |       ||     4
       Short sword       |    19 |       |    80 ||    99
       Dagger            |       |    95 |       ||    95
       Hand axe          |       |     1 |       ||     1
 Fire: Hunting sling     |       |    80 |   182 ||   262
 Cast: Magic Dart        |    71 |    79 |    20 ||   170
       Mephitic Cloud    |     2 |     3 |    23 ||    28
       Conjure Flame     |     1 |    11 |    19 ||    31
 Abil: Dig               |     4 |    24 |     6 ||    34
  Use: Scroll            |       |     5 |       ||     5
       Potion            |       |     1 |       ||     1
 Stab: Confused          |     2 |       |     6 ||     8
       Sleeping          |       |     1 |       ||     1
  Eat: Chunk             |     4 |    15 |    11 ||    30
Armor: Robe              |     7 |     9 |     9 ||    25
Dodge: Dodged            |    23 |    73 |    50 ||   146
